Zazza, neutral female human Tourist ---------- #.........| -------- #|........| |......| #|.........###### |......| #|...<....| # #.*{.^..| #|...._...| ###|......| #|........| # #.......| #-|---.-.-- ### -------- ### #`# # # ## # # ### # # ## # # ### # -----------# -+-.----# |=*======.|# |......|### |"=="==*=.-# |...{..|Z |========$| |......|@ ----------- |.......f -------- Zazza the Rambler Experience level: 1 Strength: 15 Dexterity: 10 Constitution: 13 Intelligence: 15 Wisdom: 6 Charisma: 18 Health: 0(11) Energy: 0(0) Def: 1 Gold: 0 Moves: 2274 Dungeon seed: 5Oqn5ecyBSfX5QEx Game ID: Zazza_1599492864 Your Inventory: Weapons a - 35 +2 darts (in quiver) C - a +0 orcish spear D - a +0 sling Armor e - an uncursed +0 Hawaiian shirt (being worn) y - an uncursed +0 orcish helm z - an uncursed +0 pair of high boots (being worn) Y - a cursed -2 orcish helm (being worn) Comestibles c - 8 uncursed food rations d - 2 uncursed lembas wafers f - 5 uncursed tripe rations t - 2 uncursed cloves of garlic Scrolls j - 2 uncursed scrolls of magic mapping q - an uncursed scroll of create monster A - an uncursed scroll of light E - an uncursed scroll of fire K - an uncursed scroll of amnesia P - an uncursed scroll of blank paper Potions h - a blessed potion of extra healing i - an uncursed potion of extra healing r - an uncursed potion of hallucination w - an uncursed potion of paralysis Rings s - an uncursed ring of cold resistance F - a cursed ring of hunger Wands Q - a wand of create monster (0:9) Tools k - an uncursed lock pick l - an uncursed credit card u - an expensive camera (0:60) Gems n - an uncursed worthless piece of orange glass G - an uncursed worthless piece of yellow glass L - an uncursed amber stone N - an uncursed flint stone Spells and supernatural/magical abilities: Name Level Category Fail Memory W - pray for help -- divine ? -- Your skills at the end: Fighting Skills Weapon Skills dart [Basic] Spellcasting Skills Final Attributes: You were stridently aligned. You are dead. Vanquished creatures: 3 orc zombies an iguana a gas spore a hobbit a large kobold 4 giant rats a yellow mold a gecko 3 jackals a fox a kobold 2 goblins 7 grid bugs 6 lichens 8 newts 41 creatures vanquished. Voluntary challenges: You were vegetarian. You had followed a strict vegan diet until turn 1887. You had been an atheist until turn 2040. You never hit with a wielded weapon. You read items or engraved 9 times, starting on turn 1238. You never genocided any monsters. You never polymorphed an object. You never changed form. You used no wishes. You never split a pudding. You wrote Elbereth's name 1 time, starting on turn 1623. You never violated your personal moral code. Dungeon overview: The Dungeons of Doom: levels 1 to 5 Level 1 a fountain, a sink a long staircase Level 2 Level 3 Level 4 many fountains a long staircase Level 5 <- You were here a jewelry store, an altar to Offler, some fountains History has recorded: On T:1 you entered the Dungeons of Doom to retrieve the Amulet of Yendor! On T:337 you reached level 2 of The Dungeons of Doom. On T:858 you reached level 3 of The Dungeons of Doom. On T:1693 you reached level 4 of The Dungeons of Doom. On T:2015 you reached level 5 of The Dungeons of Doom. Score breakdown: Gold: 0 ( 0 points) Experience: 1 level ( 0 points) Exploration: 5 levels ( 10.64%) ( 8846 points) Discoveries: 5 items ( 1.68%) ( 3885 points) Valuables value: (no points given unless you survive) Artifact value: 0 ( 0 points) Variety of kills: 15 monsters ( 3.94%) ( 5952 points) Turncount: 2274 turns ( -190 points) Survival: died (score multiplied by 80%) Total score: 14794 Latest messages: The iguana bites! You hear some noises in the distance. You hear some noises. You hear some noises in the distance. You hear some noises. You hear some noises in the distance. You hear some noises. The iguana bites! You hear some noises in the distance. You hear some noises. You hear some noises in the distance. You displace Armand. You hit the orc zombie. Armand misses the orc zombie. You hit the orc zombie. The orc zombie hits! Armand bites the orc zombie. The orc zombie misses Armand. You displace Armand. Armand bites the orc zombie. The orc zombie is destroyed! Armand picks up an orc corpse. You hear some noises. You displace Armand. The gnome zombie hits! You die... Final status: Aloha Zazza the Tourist, killed by a gnome zombie... You died in The Dungeons of Doom on dungeon level 5 with 14794 points, and 0 pieces of gold, after 2274 moves. You were level 1 with a maximum of 11 hit points when you died.